 Dungeon Crawl Stone Soup version 0.29.1-14-g9c671dbff4 (webtiles) character file.

Game seed: 7249282728702093876

181405 booth the Bludgeoner (level 18, -1/136 HPs)
             Began as a Gargoyle Monk on Feb 13, 2023.
             Was a High Priest of Ashenzari.
             Slain by the 27-headed Lernaean hydra (8 damage)
             ... on level 4 of the Swamp on Feb 18, 2023.
             The game lasted 06:50:54 (35210 turns).

booth the Bludgeoner (Gargoyle Monk)               Turns: 35210, Time: 06:50:54

Health: -1/136     AC: 41    Str: 27    XL:     18   Next: 30%
Magic:  19/19      EV: 22    Int: 13    God:    Ashenzari [*****.]
Gold:   1594       SH: 11    Dex: 18    Spells: 19/19 levels left

rFire   + . .      SeeInvis +   u - +1 flail "Perceptive Regret" {protect, Fort, Range} (curse)
rCold   + + .      Faith    .   Z - +3 buckler {reflect}
rNeg    + + .      Spirit   .   l - +3 leather armour of the Distant Visionary {rC++, Bglg, Self} (curse)
rPois   ∞          Reflect  +   p - +2 helmet of Ouranomancy {Evo, Self} (curse)
rElec   +          Harm     .   r - +2 cloak of the Eye in the Sky {Self, Cun} (curse)
rCorr   .          Rampage  .   V - +1 pair of gloves "Rieg" {rN+ Regen+}
Will    ++...      Clarity  +   j - +3 pair of boots of Ashenzari's Ennui {Str+10 Dex-3 Stlth+, Comp, Self} (curse)
Stlth   +++++++...              P - amulet of Supernal Wisdom {Regen+, Alch, Fort} (curse)
HPRegen 1.92/turn               K - ring "Chained Together" {Fly rF+ Dex+5, Self, Elem} (curse)
MPRegen 0.16/turn               O - ring of Curses and Power {Will+, Cun, Self} (curse)

@: about to teleport, under a protective aura, flying, hasted, very quick
A: sickness immunity, AC +13, big wings, negative energy resistance 1,
electricity resistance, torment resistance 1, petrification resistance
a: Renounce Religion, Curse Item, Shatter the Chains


You were on level 4 of the Swamp.
You worshipped Ashenzari.
Ashenzari was extremely pleased with you.
You visited 6 branches of the dungeon, and saw 30 of its levels.
You also visited: Ice Cave.

You collected 4336 gold pieces.
You spent 2742 gold pieces at shops.

Inventory:

Hand Weapons
 q - a +4 flail of holy wrath
 u - the cursed +1 flail "Perceptive Regret" (weapon) {protect, Fort, Range}
   (You bought it in a shop on level 5 of the Dungeon)

   It grants its wielder temporary protection when it strikes (+7 to AC).
   It has a curse which improves the following skills: Fortitude: Armour and
   Shields.
   Ranged Combat: Ranged Weapons and Throwing.
 C - a +3 war axe of flaming
Missiles
 e - 4 curare-tipped darts
 k - 5 boomerangs
 E - 9 atropa-tipped darts
 F - 22 poisoned darts (quivered)
 R - 7 javelins
Armour
 c - a +1 scale mail of fire resistance
 j - the cursed +3 pair of boots of Ashenzari's Ennui (worn) {Str+10 Dex-3 Stlth+, Comp, Self}
   (You acquired it on level 4 of the Dungeon)

   Str:       It affects your strength (+10).
   Dex:       It affects your dexterity (-3).
   Stlth:     It makes you more stealthy.
   It has a curse which improves the following skills: Companions: Summonings
   and Necromancy.
   Introspection: Fighting and Spellcasting.
 l - the cursed +3 leather armour of the Distant Visionary (worn) {rC++, Bglg, Self}
   (You bought it in a shop on level 5 of the Dungeon)

   rC:        It greatly protects you from cold.
   It has a curse which improves the following skills: Beguiling: Conjurations,
   Hexes and Translocations.
   Introspection: Fighting and Spellcasting.
 n - the +10 plate armour of Leapfrog {rF++}
   (You found it on level 13 of the Dungeon)

   rF:        It greatly protects you from fire.
 p - the cursed +2 helmet of Ouranomancy (worn) {Evo, Self}
   (You found it on level 3 of the Dungeon)

   It has a curse which improves the following skills: Evocations: Evocations.
   Introspection: Fighting and Spellcasting.
 r - the cursed +2 cloak of the Eye in the Sky (worn) {Self, Cun}
   (You took it off Crazy Yiuf on level 5 of the Dungeon)

   It has a curse which improves the following skills: Introspection: Fighting
   and Spellcasting.
   Cunning:   Dodging and Stealth.
 I - a +1 kite shield of positive energy
 V - the +1 pair of gloves "Rieg" (worn) {rN+ Regen+}
   (You found it on level 3 of the Snake Pit)

   rN:        It protects you from negative energy.
   Regen:     It increases your rate of health regeneration.
 Z - a +3 buckler of reflection (worn)
Jewellery
 a - a +4 ring of evasion
 z - a +4 ring of protection
 K - the cursed ring "Chained Together" (left hand) {Fly rF+ Dex+5, Self, Elem}
   (You bought it in a shop on level 2 of the Orcish Mines)

   [ring of flight]

   Dex:       It affects your dexterity (+5).
   rF:        It protects you from fire.
   Fly:       It grants you flight.
   It has a curse which improves the following skills: Introspection: Fighting
   and Spellcasting.
   Elements:  Fire Magic, Ice Magic, Air Magic and Earth Magic.
 O - the cursed ring of Curses and Power (right hand) {Will+, Cun, Self}
   (You bought it in a shop on level 6 of the Dungeon)

   [ring of willpower]

   Will:      It increases your willpower.
   It has a curse which improves the following skills: Cunning: Dodging and
   Stealth.
   Introspection: Fighting and Spellcasting.
 P - the cursed amulet of Supernal Wisdom (around neck) {Regen+, Alch, Fort}
   (You bought it in a shop on level 6 of the Dungeon)

   [amulet of regeneration]

   Regen:     It increases your rate of health regeneration.
   It has a curse which improves the following skills: Alchemy: Poison Magic and
   Transmutations.
   Fortitude: Armour and Shields.
Wands
 b - a wand of mindburst (12)
 o - a wand of charming (26)
 s - a wand of light (10)
 x - a wand of flame (39)
 L - a wand of digging (14)
 N - a wand of roots (14)
 X - a wand of polymorph (13)
Scrolls
 d - a scroll of summoning
 g - 4 scrolls of magic mapping
 h - a scroll of brand weapon
 m - 2 scrolls of poison
 B - 4 scrolls of teleportation
 D - 5 scrolls of blinking
 G - 6 scrolls of enchant armour
 J - 2 scrolls of butterflies
 W - a scroll of silence
 Y - 3 scrolls of fear
Potions
 f - 10 potions of curing
 i - 4 potions of might
 t - 2 potions of resistance
 w - 2 potions of attraction
 A - 2 potions of invisibility
 T - 2 potions of haste
Miscellaneous
 v - a condenser vane
 S - a phantom mirror
 U - a phial of floods


   Skills:
 + Level 16.2(23.3) Fighting
 * Level 6.2(11.7) Axes
 + Level 16.6(17.1) Maces & Flails
 + Level 9.1(11.4) Throwing
 + Level 6.4(9.9) Armour
 + Level 13.0(16.4) Dodging
 + Level 11.4(14.9) Stealth
 * Level 12.1(15.5) Shields
 + Level 2.3(4.2) Evocations


You had 19 spell levels left.
You didn't know any spells.
Your spell library contained the following spells:

 Spells                   Type           Power      Damage    Failure   Level
 Magic Dart               Conj           4%         1d3       32%         1
 Sandblast                Erth           2%         2d4       32%         1
 Slow                     Hex            4%         N/A       32%         1
 Call Imp                 Summ           1%         N/A       43%         2
 Passwall                 Tmut/Erth      0%         N/A       43%         2
 Call Canine Familiar     Summ           1%         N/A       67%         3
 Confusing Touch          Hex            1%         N/A       67%         3
 Frozen Ramparts          Ice            2%         1d1       67%         3
 Mephitic Cloud           Conj/Pois/Air  1%         N/A       67%         3
 Portal Projectile        Hex/Tloc       2%         N/A       67%         3
 Stone Arrow              Conj/Erth      2%         3d7       67%         3
 Tukima's Dance           Hex            1%         N/A       67%         3
 Vampiric Draining        Necr           1%         2d6       67%         3
 Corpse Rot               Necr/Pois/Air  1%         N/A       97%         4
 Dispel Undead            Necr           1%         3d6       97%         4
 Ice Form                 Ice/Tmut       1%         N/A       97%         4
 Leda's Liquefaction      Hex/Erth       0%         N/A       97%         4
 Olgreb's Toxic Radiance  Pois           1%         N/A       97%         4
 Passage of Golubria      Tloc           1%         N/A       97%         4
 Summon Ice Beast         Ice/Summ       1%         N/A       97%         4
 Summon Lightning Spire   Summ/Air       1%         N/A       97%         4
 Blade Hands              Tmut           0%         N/A       100%        5
 Freezing Cloud           Conj/Ice/Air   0%         6-21      100%        5
 Silence                  Hex/Air        0%         N/A       100%        5
 Summon Mana Viper        Hex/Summ       1%         N/A       100%        5
 Death Channel            Necr           0%         N/A       100%        6
 Simulacrum               Ice/Necr       0%         N/A       100%        6
 Monstrous Menagerie      Summ           0%         N/A       100%        7
 Ozocubu's Refrigeration  Ice            0%         4d7       100%        7
 Storm Form               Tmut/Air       0%         N/A       100%        7
 Ignition                 Fire           0%         3d3       100%        8
 Lehudib's Crystal Spear  Conj/Erth      0%         10d2      100%        8
 Maxwell's Capacitive Co  Air            0%         ∞         100%        8
 Polar Vortex             Ice            0%         N/A       100%        9


Dungeon Overview and Level Annotations

Branches:
Dungeon (15/15)            Temple (1/1) D:4            Lair (5/5) D:10
  Swamp (4/4) Lair:2        Snake (3/4) Lair:3        Slime (0/5) Lair:4
    Orc (2/2) D:11            Elf (0/3) Orc:2        Vaults (0/5) D:13
 Depths (0/4) D:15          IceCv (visited)

Altars:
Ashenzari
Cheibriados
Dithmenos
Elyvilon
Fedhas
Gozag
Hepliaklqana
Kikubaaqudgha
Makhleb
Nemelex Xobeh
Okawaru
Qazlal
Ru
Sif Muna
Trog
Uskayaw
Vehumet
Wu Jian
Xom
Yredelemnul
Zin
The Shining One
Lugonu

Shops:
D:5 ([   D:6 =   D:12 :   D:13 [   Orc:1 *   Orc:2 ?[==([   Snake:3 [*!

Portals:
Abyss: Lair:5 Snake:1

Annotations:
D:10 exclusion: oklob plant
Lair:4 exclusion: oklob plant
Lair:5 1 runed translucent door, exclusion: oklob plant, DemonSlayer's ghost, journeyman DsEE
Swamp:4 Lernaean hydra
Snake:1 2 transporters, ShinQuickMan's ghost, journeyman DESu
Snake:3 2 transporters, redcrux's ghost, adept MiFi


Innate Abilities, Weirdness & Mutations

You are immune to sickness and miasma.
Your stone body is resilient. (AC +13)
You are immune to poison.
Your large and strong wings let you fly.
You resist negative energy. (rN+)
You are resistant to electric shocks. (rElec)
You are resistant to unholy torment.
You are immune to petrification.


Message History

The 27-headed Lernaean hydra closely misses you.
The 27-headed Lernaean hydra bites you but does no damage.
You block the 27-headed Lernaean hydra's attack.
The 27-headed Lernaean hydra bites you.
The 27-headed Lernaean hydra bites you but does no damage. x2
The 27-headed Lernaean hydra barely misses you.
You barely miss the 27-headed Lernaean hydra.
The 27-headed Lernaean hydra is severely wounded.
You sock the 27-headed Lernaean hydra!
The 27-headed Lernaean hydra is severely wounded.
The 27-headed Lernaean hydra bites you but does no damage. x2
You block the 27-headed Lernaean hydra's attack.
The 27-headed Lernaean hydra bites you.
The 27-headed Lernaean hydra misses you.
The 27-headed Lernaean hydra bites you but does no damage. x2
You block the 27-headed Lernaean hydra's attack.
The 27-headed Lernaean hydra bites you.
* * * LOW HITPOINT WARNING * * *
The 27-headed Lernaean hydra bites you!
* * * LOW HITPOINT WARNING * * *
The 27-headed Lernaean hydra bites you!
* * * LOW HITPOINT WARNING * * *
The 27-headed Lernaean hydra bites you but does no damage.
The 27-headed Lernaean hydra completely misses you.
You block the 27-headed Lernaean hydra's attack.
The 27-headed Lernaean hydra bites you but does no damage.
You block the 27-headed Lernaean hydra's attack.
The 27-headed Lernaean hydra bites you!
* * * LOW HITPOINT WARNING * * *
The 27-headed Lernaean hydra bites you.
* * * LOW HITPOINT WARNING * * *
The 27-headed Lernaean hydra bites you but does no damage.
The 27-headed Lernaean hydra bites you.
* * * LOW HITPOINT WARNING * * *
The 27-headed Lernaean hydra bites you but does no damage.
The 27-headed Lernaean hydra barely misses you. x2
You block the 27-headed Lernaean hydra's attack.
The 27-headed Lernaean hydra bites you but does no damage.
The 27-headed Lernaean hydra bites you!
You die...

,~ ♣♣##≈≈≈~≈.#.~≈≈.≈. , * *
* ♣♣~ ♣.≈####≈≈#.#.#~≈#≈ ~~
* * ♣♣~ ♣♣.≈#####≈#~~~≈≈##~#
~ *
♣.≈♣♣.######~###..~≈≈.~≈.~
~~
*♣..♣♣...##.≈#≈~~.~#.#~≈≈.~,
~~*
♣~.......~...)....~...... ~
♣.....÷.~#≈≈.≈≈####.≈~≈.≈~~
* ♣...≈♣~####~#≈##≈≈#≈≈≈≈~≈
* *~
♣♣..~♣♣♣.≈#####D@####≈####
.....♣♣♣♣♣.≈♣#####♣♣###
~~~..†≈♣♣♣♣♣♣♣♣♣♣♣♣♣♣♣
~~.#.≈♣♣≈♣ ♣♣♣♣♣♣♣♣
~....†♣♣♣♣ ~.....#♣♣♣
~~..~.♣♣♣ ♣.~..~♣♣♣
♣.~~.♣♣♣♣


You could see the 27-headed Lernaean hydra.

Vanquished Creatures
  Vashnia (Snake:2)
  Nikola (Snake:1)
  Rupert (D:13)
  Gastronok (D:11)
  A sphinx (D:14)
  A thorn hunter (Swamp:3)
  A juggernaut zombie (D:15)
  A stone giant (D:14)
  A reaper (IceCv)
  4 bunyips
  3 eleionomae
  A fire dragon (D:14)
  A salamander tyrant (Snake:3)
  8 vault guards (D:13)
  Erolcha (D:11)
  4 boulder beetles
  24 hydras
  A ghost crab (Swamp:2)
  3 ogre magi (Orc:2)
  2 catoblepae (Lair:2)
  3 centaur warriors
  6 anacondas
  4 death yaks
  8 alligators
  Erica (D:10)
  A death knight (D:15)
  2 two-headed ogres (D:13)
  A tengu warrior (D:12)
  4 naga warriors
  7 naga sharpshooters
  2 large abominations (Lair:5)
  3 thrashing horrors (Lair:5)
  2 shock serpents
  5 skeletal warriors (D:15)
  A flayed ghost (D:15)
  Lodul (D:12)
  4 goliath frogs
  4 naga ritualists
  A spriggan druid (Swamp:1)
  A lindwurm (Lair:4)
  3 bog bodies
  3 orc knights
  7 swamp dragons (Swamp:4)
  3 deep elf pyromancers
  A necromancer (D:15)
  A shadow dragon zombie (D:15)
  10 orc sorcerers
  10 mana vipers
  An iron dragon zombie (D:15)
  A wolf spider (D:15)
  A tengu skeleton (D:15)
  3 salamanders
  25 ugly things
  2 will-o-the-wisps
  2 manticores
  6 cyclopes
  2 guardian serpents
  24 black mambas
  6 naga magi
  An ice statue (IceCv)
  A black mamba (shapeshifter) (Lair:5)
  11 elephants
  14 cane toads
  5 torpor snails
  Maggie (D:9)
  10 komodo dragons
  7 rime drakes
  An efreet (D:14)
  A tengu conjurer (D:12)
  An anaconda simulacrum (IceCv)
  2 kobold demonologists
  An ice devil (IceCv)
  7 trolls
  3 meliai (D:14)
  10 polar bears
  A troll (shapeshifter) (D:15)
  A queen bee (shapeshifter) (D:13)
  7 tyrant leeches
  A queen bee (D:14)
  Prince Ribbit (D:9)
  19 blink frogs
  2 hornets
  A dream sheep (Lair:2)
  A spriggan (shapeshifter) (D:14)
  4 wyverns
  4 shadows
  2 spriggans
  A centaur simulacrum (D:15)
  2 dire elephant simulacra (IceCv)
  4 wraiths
  A golden eye (shapeshifter) (D:14)
  2 basilisks (shapeshifter)
  A human (D:11)
  4 hogs (D:11)
  26 yaks
  3 chaos spawn (Lair:5)
  3 ynoxinuls (Lair:5)
  4 fire elementals (Orc:2)
  A golden eye (Lair:4)
  14 basilisks
  Grum (D:9)
  A steam dragon (D:7)
  5 wargs
  17 vampire mosquitoes
  A death yak simulacrum (IceCv)
  15 nagas
  12 swamp worms
  3 hydra simulacra (IceCv)
  2 harpy simulacra (IceCv)
  2 hell hounds (Orc:2)
  14 water moccasins
  6 swamp drakes
  2 ice beasts
  A sky beast (D:7)
  20 orc warriors
  A swamp drake (shapeshifter) (D:14)
  14 black bears
  A boggart (D:14)
  15 wolves
  15 ogres
  5 centaurs
  3 phantoms
  A necrophage (D:6)
  4 scorpions
  2 kobold brigands
  A gnoll sergeant (D:9)
  12 bullfrogs
  5 two-headed ogre simulacra (IceCv)
  6 wights
  10 small abominations (Lair:5)
  35 killer bees
  2 elephant simulacra (IceCv)
  6 howler monkeys
  A gnoll bouda (D:9)
  15 orc priests
  3 hounds
  2 jellies
  Crazy Yiuf (D:5)
  5 iguanas
  26 orc wizards
  4 troll simulacra (IceCv)
  2 polar bear simulacra (IceCv)
  9 spriggan simulacra (IceCv)
  2 wolf simulacra (IceCv)
  15 gnolls
  4 naga simulacra (IceCv)
  8 adders
  6 white imps
  7 ufetubi (IceCv)
  4 worms
  5 dart slugs
  57 orcs
  4 endoplasms
  A giant cockroach (D:4)
  12 goblins
  12 hobgoblins
  5 jackals
  19 kobolds
  4 quokkas (D:1)
  2 ball pythons
  6 bats
  5 frilled lizards
  4 rats (D:1)
909 creatures vanquished.

Vanquished Creatures (collateral kills)
  Azrael (Orc:2)
  An anaconda (Snake:1)
  A naga warrior (Snake:1)
  A naga (Snake:1)
  An orc warrior (Orc:2)
  An orc wizard (Orc:2)
  2 orcs (Orc:2)
8 creatures vanquished.

Vanquished Creatures (others)
  2 naga sharpshooters (Snake:1)
  A naga mage (Snake:1)
  A black mamba (Snake:1)
  2 bloated husks
  2 orc wizards (Orc:2)
  12 foxfires (Swamp:1)
  12 fungi
  23 plants
  A withered plant (D:15)
56 creatures vanquished.

Grand Total: 973 creatures vanquished

Notes
Turn   | Place    | Note
-------+----------+-------------------------------------------
     0 | D:1      | booth the Gargoyle Monk began the quest for the Orb.
     0 | D:1      | Reached XP level 1. HP: 14/14 MP: 1/1
   359 | D:1      | Reached XP level 2. HP: 19/19 MP: 2/2
   489 | D:1      | Reached XP level 3. HP: 24/24 MP: 3/3
   621 | D:1      | Found a faded altar of an unknown god.
  1147 | D:2      | Reached XP level 4. HP: 29/29 MP: 4/4
  1211 | D:2      | Found an iron altar of Okawaru.
  2176 | D:3      | Found a sparkling altar of Nemelex Xobeh.
  2177 | D:3      | Found an ornate altar of the Wu Jian Council.
  2732 | D:3      | Reached XP level 5. HP: 33/33 MP: 5/5
  3014 | D:4      | Reached XP level 6. HP: 39/39 MP: 6/6
  3023 | D:4      | Reached skill level 5 in Maces & Flails
  3033 | D:4      | Noticed a black bear
  3057 | D:4      | Killed a black bear
  3334 | D:4      | Found a staircase to the Ecumenical Temple.
  3358 | Temple   | Entered the Ecumenical Temple
  3383 | Temple   | Became a worshipper of Ashenzari the Shackled
  3664 | D:4      | Identified a scroll of acquirement
  3664 | D:4      | Acquired the +3 pair of boots of Autumn {Str+10 Dex-3
                  | Stlth+}
  3681 | D:5      | Entered Level 5 of the Dungeon
  3740 | D:5      | Reached skill level 5 in Fighting
  3740 | D:5      | Reached XP level 7. HP: 39/44 MP: 7/7
  3759 | D:5      | Found Sihanu's Weapon Boutique.
  3766 | D:5      | Bought a +0 flail of protection for 68 gold pieces
  4188 | D:5      | Noticed a shadow
  4208 | D:5      | Reached * piety under Ashenzari
  4423 | D:5      | Found Inump's Armour Boutique.
  4466 | D:5      | Found a runed translucent door.
  4467 | D:5      | Noticed Crazy Yiuf
  4474 | D:5      | Killed Crazy Yiuf
  4580 | D:5      | Reached XP level 8. HP: 52/52 MP: 8/8
  4584 | D:5      | Found a glowing silver altar of Zin.
  4584 | D:5      | Found an opulent altar of Gozag.
  4586 | D:5      | Found a stormy altar of Qazlal.
  4639 | D:5      | Killed a shadow
  4873 | D:6      | Found Gaohogec's Jewellery Boutique.
  5115 | D:6      | Identified the +0 robe of Bitterness {rPois Str-4 Stlth+}
  5335 | D:6      | Reached skill level 5 in Stealth
  5461 | D:6      | Acquired 782 gold pieces
  5674 | D:5      | Bought the +3 leather armour of the Bulwark {rC++} for 539
                  | gold pieces
  5737 | D:6      | Bought a ring of protection from fire for 300 gold pieces
  5927 | D:6      | Reached ** piety under Ashenzari
  6333 | D:6      | Reached XP level 9. HP: 52/59 MP: 6/9
  6682 | D:7      | Reached skill level 1 in Armour
  6882 | D:7      | Reached skill level 5 in Dodging
  7584 | D:8      | Reached *** piety under Ashenzari
  7969 | D:8      | Acquired 682 gold pieces
  8040 | D:6      | Bought a ring of willpower for 300 gold pieces
  8040 | D:6      | Bought an amulet of regeneration for 360 gold pieces
  8295 | D:8      | Reached **** piety under Ashenzari
  8387 | D:9      | Noticed Maggie
  8391 | D:9      | Noticed Prince Ribbit
  8402 | D:9      | Killed Maggie
  8403 | D:9      | Reached skill level 1 in Throwing
  8403 | D:9      | Reached XP level 10. HP: 71/71 MP: 11/11
  8412 | D:9      | Killed Prince Ribbit
  8413 | D:9      | Reached skill level 10 in Maces & Flails
  8544 | D:9      | Noticed a kobold demonologist
  8579 | D:9      | Killed a kobold demonologist
  9225 | D:9      | Noticed Grum
  9429 | D:9      | Killed Grum
  9537 | D:9      | Reached skill level 1 in Evocations
  9587 | D:10     | Entered Level 10 of the Dungeon
  9700 | D:10     | Noticed Erica
  9758 | D:10     | Killed Erica
  9759 | D:10     | Reached XP level 11. HP: 73/77 MP: 12/12
  9878 | D:10     | Found a staircase to the Lair.
  9879 | D:10     | Noticed an oklob plant
 10187 | D:10     | Found a hazy altar of Hepliaklqana.
 10191 | D:10     | Found a shadowy altar of Dithmenos.
 10303 | D:10     | Found a radiant altar of Vehumet.
 10561 | D:11     | Noticed Erolcha
 10774 | D:11     | Noticed Gastronok
 10776 | D:11     | Noticed a five-headed hydra
 10798 | D:11     | Killed a five-headed hydra
 10863 | D:11     | Found a staircase to the Orcish Mines.
 10924 | D:11     | Reached ***** piety under Ashenzari
 10978 | D:11     | Killed Erolcha
 10988 | D:11     | Reached skill level 5 in Throwing
 10988 | D:11     | Reached XP level 12. HP: 88/88 MP: 13/13
 11651 | D:11     | Killed Gastronok
 11855 | Lair:1   | Entered Level 1 of the Lair of Beasts
 12187 | Lair:1   | Reached skill level 10 in Fighting
 12363 | Lair:1   | Reached XP level 13. HP: 85/95 MP: 14/14
 13122 | Lair:2   | Found a staircase to the Swamp.
 13491 | Lair:2   | Reached skill level 5 in Armour
 14621 | Lair:3   | Found a staircase to the Snake Pit.
 14806 | Lair:3   | Gained mutation: Your large and strong wings let you fly.
                  | [Gargoyle growth]
 14806 | Lair:3   | Reached XP level 14. HP: 81/104 MP: 15/15
 14833 | Lair:3   | Reached skill level 1 in Shields
 15959 | Lair:4   | Reached skill level 10 in Dodging
 16143 | Lair:4   | Identified the +4 hand axe of Causality {drain, rF+}
 16272 | Lair:4   | Found a staircase to the Slime Pits.
 16600 | Lair:5   | Entered Level 5 of the Lair of Beasts
 17615 | Lair:5   | Reached skill level 5 in Shields
 17894 | Lair:5   | Found a corrupted altar of Lugonu.
 17895 | Lair:5   | Found a one-way gate to the infinite horrors of the Abyss.
 18072 | Lair:5   | Found a runed translucent door.
 18072 | Lair:5   | Noticed DemonSlayer's ghost (journeyman DsEE)
 18532 | D:12     | Reached XP level 15. HP: 88/111 MP: 16/16
 18852 | D:12     | Found Ziruywuc's Book Boutique.
 18993 | D:12     | Noticed Lodul
 19458 | D:12     | Killed Lodul
 19530 | Orc:1    | Entered Level 1 of the Orcish Mines
 19530 | Orc:1    | Found Bomm's Assorted Antiques.
 19737 | Orc:1    | Found a frozen archway.
 19755 | Orc:1    | Reached skill level 15 in Maces & Flails
 19767 | IceCv    | Entered an ice cave
 20216 | IceCv    | Reached skill level 10 in Stealth
 20703 | Orc:2    | Entered Level 2 of the Orcish Mines
 20777 | Orc:2    | Found Hanal's Magic Scroll Shoppe.
 21410 | Orc:2    | Found Yshurr's Antique Armour Shoppe.
 21604 | Orc:2    | Found an ancient bone altar of Kikubaaqudgha.
 21670 | Orc:2    | Found Ocuwog's Jewellery Emporium.
 21788 | Orc:2    | Found a radiant altar of Vehumet.
 21856 | Orc:2    | Found Isuokhah's Jewellery Emporium.
 22027 | Orc:2    | Found Qon Zala's Weapon Boutique.
 22269 | Orc:2    | Found a staircase to the Elven Halls.
 22299 | Orc:2    | Found Ziom's Armour Shop.
 22355 | Orc:2    | Noticed Azrael
 22498 | Orc:2    | Killed Azrael
 22717 | Orc:2    | Bought the ring "Cerriergh" {Fly rF+ Dex+5} for 420 gold
                  | pieces
 22728 | Orc:2    | Bought a scroll of brand weapon for 133 gold pieces
 22897 | D:13     | Noticed Rupert
 23019 | D:13     | Found a gate to the Vaults.
 23412 | D:13     | Found Iddytheo's Antique Armour Shop.
 23423 | D:13     | Bought a glowing cloak for 247 gold pieces
 23687 | D:13     | Killed Rupert
 23688 | D:13     | Reached skill level 1 in Axes
 23688 | D:13     | Reached XP level 16. HP: 30/121 MP: 17/17
 23883 | D:13     | Identified the +10 plate armour of Leapfrog {rF++}
 25551 | D:14     | Noticed a sphinx
 25654 | D:14     | Killed a sphinx
 25872 | D:15     | Entered Level 15 of the Dungeon
 26552 | D:15     | Found a staircase to the Depths.
 26701 | D:15     | Reached skill level 15 in Fighting
 27676 | Swamp:1  | Entered Level 1 of the Swamp
 27676 | Swamp:1  | Identified the +3 scimitar "Vorphet" {vorpal, rC+ Dex+4}
 28561 | Swamp:1  | Reached XP level 17. HP: 127/129 MP: 18/18
 29163 | Swamp:2  | Reached skill level 10 in Shields
 30221 | Snake:1  | Entered Level 1 of the Snake Pit
 30276 | Snake:1  | Found a radiant altar of Vehumet.
 30453 | Snake:1  | Noticed a tentacled starspawn
 30586 | Snake:1  | Noticed ShinQuickMan's ghost (journeyman DESu)
 30848 | Snake:1  | Noticed Nikola
 30889 | Snake:1  | Killed Nikola
 30890 | Snake:1  | Reached skill level 5 in Axes
 31721 | Snake:1  | Found a transporter.
 31723 | Snake:1  | Found a transporter.
 31725 | Snake:1  | Noticed a tentacled starspawn
 32431 | Snake:2  | Noticed Vashnia
 32475 | Snake:2  | Killed Vashnia
 33215 | Snake:2  | Reached XP level 18. HP: 126/136 MP: 19/19
 33397 | Snake:3  | Found a transporter.
 33564 | Snake:3  | Identified the +1 pair of gloves "Rieg" {rN+ Regen+}
 33578 | Snake:3  | Found a transporter.
 33671 | Snake:3  | Noticed redcrux's ghost (adept MiFi)
 33675 | Snake:3  | Found Efem's Armour Shoppe.
 33677 | Snake:3  | Found Qocoox's General Store.
 33681 | Snake:3  | Found Vamipp's Distillery.
 33686 | Snake:3  | Bought a scroll of teleportation for 36 gold pieces
 33686 | Snake:3  | Bought a scroll of summoning for 114 gold pieces
 33688 | Snake:3  | Bought a potion of heal wounds for 75 gold pieces
 33688 | Snake:3  | Bought 2 potions of heal wounds for 150 gold pieces
 34240 | Snake:3  | Found a bloodstained altar of Trog.
 34611 | Swamp:4  | Entered Level 4 of the Swamp
 34886 | Swamp:4  | Noticed the 27-headed Lernaean hydra
 35210 | Swamp:4  | Slain by the 27-headed Lernaean hydra

Illustrated notes

Levels and vault maps discovered:
D:1:      erik_arrival_blinker_ship, layout_rooms,
          hellmonk_ecumenical_altar_heavens_door, serial_bayou_crossing
D:2:      layout_rooms, basic_altar, kennysheep_generic_room_15
D:3:      layout_loops_ring, gammafunk_temple_overflow_pools
D:4:      layout_cave_pools, minmay_temple_entry_antechambers
D:5:      layout_loops_cross, gammafunk_temple_overflow_claw, serial_shops,
          shop, nicolae_shop_bloodbath_and_beyond, uniq_crazy_yiuf_cottage
D:6:      layout_loops_cross, serial_shops, shop, serial_co_window_serial,
          co_window_paths_a, co_window_paths_b, co_window_paths_b,
          co_window_corner_a, co_window_paths_b, co_window_corner_a,
          co_window_corner_a, co_window_paths_a, co_window_paths_a,
          co_window_cross_4, co_window_unsneaky_path_a, co_window_corner_b,
          co_window_2corner, co_window_corner_b, glass_columns_b,
          glass_columns_b
D:7:      layout_loops_ring, lightli_ossuary_entry_decrepit_ruins
D:8:      layout_cave_pools, st_stairs_14
D:9:      layout_big_octagon, uniq_maggie, uniq_prince_ribbit1, uniq_grum
D:10:     layout_roguey, riverfiend_overflow_shadow_ancestor,
          nicolae_vehumet_altar_sigil, dpeg_oklobed_lair, uniq_erica
D:11:     layout_irregular_city, david_orc_3, grunt_livestock, uniq_erolcha,
          uniq_gastronok
D:12:     layout_gridville, serial_shops, nicolae_stop_n_shop_1,
          grunt_ogre_cave, uniq_lodul
D:13:     layout_gridville, erik_vaults_2, serial_shops,
          nicolae_shop_temple_entry_statues_fountains, uniq_rupert
D:14:     regret_index_tunnel_blossom, layout_rooms, nrook_mini_backslash
D:15:     gammafunk_depths_entry_grave, layout_irregular_city,
          minmay_tree_intersection
Temple:   nicolae_temple_ecumenical_triangle
Lair:1:   layout_gridlike, beast_lair_carwin_9, grunt_megastairs_5,
          infiniplex_staircase_pool_2
Lair:2:   nzn_winding_woodlands_large [nzn_winding_woodlands_5x5_default,
          nzn_winding_woodlands_5x15_zeroes, nzn_winding_woodlands_5x5_three,
          nzn_winding_woodlands_center_lodge,
          nzn_winding_woodlands_15x15_boxy_spiral,
          nzn_winding_woodlands_center_triple_pond,
          nzn_winding_woodlands_5x5_cross,
          nzn_winding_woodlands_5x15_sidewinder,
          nzn_winding_woodlands_5x5_perimeter], layout_chaotic_city,
          palyth_hydra_swamp_entry, gauntlet_entry_generic
Lair:3:   beast_lair_carwin_large_4, layout_chaotic_city, dummy_snake_entry,
          chequers_serial_rivers_small_3, lemuel_fruit_tree
Lair:4:   layout_gridlike, slime_entry_1, chequers_serial_rivers_marsh,
          minmay_lair_oklob_items
Lair:5:   hellmonk_lair_end_abyssal_woods, layout_small_grid,
          hellmonk_ghost_happy_afterlife, minivault_27
Swamp:1:  layout_basic_swamp, serial_swamp_ruin, evilmike_swamp_ruin_house_6,
          evilmike_swamp_ruin_house_5
Swamp:2:  layout_basic_swamp, hangedman_swamp_ruin_wall
Swamp:3:  layout_falls_marsh, evilmike_swamp_ruin_house_4
Swamp:4:  swamp_old_school, layout_basic_swamp, uniq_mara
Snake:1:  layout_grid_shapes, gammafunk_ghost_abyssal_escape, basic_altar,
          uniq_nikola
Snake:2:  layout_rooms, st_stairs_6, grunt_megastairs_3, uniq_vashnia
Snake:3:  layout_misc_corridors, gammafunk_ghost_wrathful_warriors,
          minmay_shop_star
Orc:1:    layout_caves, portal_ice_cave_rime, serial_shops, shop_fountains
Orc:2:    kennysheep_orc_mage_school, layout_caves, basic_altar, serial_shops,
          shop, nicolae_shop_waterfront, uniq_azrael

Skill      XL: |  1  2  3  4  5  6  7  8  9 10 11 12 13 14 15 16 17 18 |
---------------+-------------------------------------------------------+-----
Fighting       | 4 5 6 7 8 9 10 12 13 14 15 16 | 16.2
Maces & Flails | 4 5 6 8 9 11 13 14 15 16 | 16.6
Dodging        | 3 4 6 7 9 10 11 12 13 | 13.0
Stealth        | 3 4 5 7 8 9 10 11 | 11.4
Armour         | 2 3 4 5 6 |  6.4
Throwing       | 1 3 5 6 7 8 9 |  9.1
Evocations     | 1 2 |  2.3
Shields        | 5 8 9 11 12 | 12.1
Axes           | 1 4 5 6 |  6.2

Action                   |  1- 3 |  4- 6 |  7- 9 | 10-12 | 13-15 | 16-18 || total
-------------------------+-------+-------+-------+-------+-------+-------++-------
Melee: Mace              |   112 |   168 |       |       |       |       ||   280
       Punch             |     1 |     1 |     2 |     7 |    33 |    22 ||    66
       Flail             |       |       |   403 |   473 |  2255 |  1952 ||  5083
Throw: Boomerang         |       |       |     4 |       |     3 |     2 ||     9
       Dart              |       |       |    11 |    72 |   128 |    83 ||   294
       Javelin           |       |       |       |     2 |    20 |    52 ||    74
Invok: Curse Item        |       |     1 |     5 |     2 |     2 |       ||    10
       Shatter the Chain |       |       |       |       |     1 |     1 ||     2
Evoke: Wand              |       |       |     2 |     2 |    19 |    21 ||    44
       Phantom mirror    |       |       |       |       |     1 |     1 ||     2
       Phial of floods   |       |       |       |       |     1 |       ||     1
  Use: Scroll            |       |    12 |     5 |       |     5 |     7 ||    29
       Potion            |       |     2 |       |     1 |     3 |     9 ||    15
 Stab: Sleeping          |     1 |     2 |     2 |     4 |    26 |    24 ||    59
       Distracted        |       |       |       |       |     2 |     4 ||     6
       Invisible         |       |       |       |       |     2 |     3 ||     5
       Confused          |       |       |       |       |       |     3 ||     3
Armor: Robe              |    44 |    81 |    74 |       |       |       ||   199
       Leather armour    |       |       |   202 |   275 |  1274 |  1099 ||  2850
Dodge: Dodged            |    57 |   106 |   361 |   388 |  2047 |  1778 ||  4737
Block: Buckler           |       |       |       |       |       |   482 ||   482
       Reflection        |       |       |       |       |       |    27 ||    27
